Map: Fracture LE

Players

Snute - Winner!

  • Race: Zerg Zerg
  • Spawn Location: 11:00

Reynor

  • Race: Zerg Zerg
  • Spawn Location: 5:00

Event: WCS Montreal 2018

VOD

Have the link to the VOD?

Description

Time

  • Played on: Sept. 7, 2018, 4:13 p.m.
  • Length: 10:33

All games in this series

Show
View Real Time Build Order
Export as new Build Order

Snute Zerg - Winner!

Build Orders: Pool First 

Get SALT Encoding   

  12  0:00  Drone  
  13  0:12  Overlord  
  13  0:16  Drone  
  14  0:30  Drone x2  
  14  0:34  Drone  
  17  0:44  Spawning Pool  
  17  0:47  Drone  
  17  1:07  Hatchery  
  17  1:09  Drone  
  17  1:13  Drone  
  18  1:19  Extractor  
  17  1:30  Queen  
  17  1:31  Zergling x4  
  21  1:38  Overlord  
  21  1:49  Zergling x2  
  22  2:05  Zergling x2  
  19  2:11  Zergling x2  
  20  2:20  Drone  
  19  2:31  Drone x2  
  19  2:32  Drone  
  19  2:34  Queen  
  22  2:39  Drone  
  22  2:43  Drone  
  24  2:48  Drone  
  24  2:49  Drone x2  
  27  2:52  Drone  
  28  2:59  Drone  
  29  3:06  Drone x2  
  29  3:08  Queen  
  33  3:14  Drone  
  33  3:17  Overlord  
  34  3:24  Evolution Chamber  
  33  3:30  Roach Warren  
  33  3:31  Drone x2  
  34  3:37  Lair  
  34  3:39  Drone  
  35  3:42  Drone  
  35  3:44  Drone  
  35  3:46  Drone  
  35  3:48  Drone  
  39  3:52  Zerg Missile Weapons Level 1  
  39  3:53  Drone  
  40  3:57  Overlord  
  40  4:00  Drone  
  41  4:03  Overlord  
  41  4:06  Drone  
  42  4:15  Drone  
  43  4:22  Drone  
  43  4:23  Extractor, Drone x3  
  46  4:25  Drone  
  46  4:26  Extractor  
  46  4:27  Drone x2  
  48  4:35  Overlord  
  48  4:36  Glial Reconstitution  
  48  4:39  Hatchery  
  48  4:42  Roach  
  48  4:44  Roach  
  51  4:47  Overlord  
  51  4:51  Overlord  
  51  4:54  Roach x2  
  51  4:58  Overlord  
  55  5:02  Roach x2  
  59  5:09  Roach x2  
  59  5:10  Roach  
  65  5:16  Roach  
  65  5:19  Roach x3  
  73  5:22  Overlord  
  73  5:27  Roach x2  
  77  5:30  Overlord  
  77  5:34  Roach  
  79  5:37  Overlord  
  79  5:39  Drone  
  80  5:43  Drone  
  80  5:46  Zerg Missile Weapons Level 2  
  80  5:49  Drone  
  82  5:51  Drone  
  82  5:52  Drone x2  
  82  5:53  Drone  
  82  5:55  Drone x2  
  88  6:00  Roach x2  
  88  6:03  Roach  
  94  6:06  Extractor  
  93  6:12  Roach x2  
  93  6:15  Roach x2  
  101  6:19  Roach  
  101  6:24  Drone x2  
  105  6:26  Roach x2  
  105  6:27  Roach x2  
  105  6:29  Overlord  
  105  6:31  Overlord  
  113  6:34  Overlord  
  113  6:37  Overlord  
  113  6:40  Overlord  
  113  6:43  Overlord  
  113  6:47  Overlord  
  113  6:51  Roach  
  113  6:52  Roach  
  117  6:55  Roach x3  
  117  6:58  Roach  
  117  7:00  Roach  
  127  7:03  Roach x2  
  127  7:08  Roach  
  133  7:09  Queen  
  135  7:17  Roach x3  
  117  7:24  Roach x2  
  117  7:27  Roach x3  
  117  7:29  Roach x2  
  117  7:34  Ravager  
  117  7:35  Ravager x2  
  118  7:38  Roach x3  
  118  7:40  Queen  
  118  7:42  Roach  
  128  7:49  Roach  
  128  7:50  Roach x2  
  128  7:58  Roach x2  
  128  8:03  Roach x2  
  129  8:08  Roach x4  
  121  8:21  Roach  
  121  8:22  Roach x2  
  121  8:26  Roach x3  
  133  8:36  Roach  
  133  8:37  Roach x6  
  147  8:43  Roach  
  147  8:44  Roach  
  151  8:52  Roach x3  
  151  8:54  Hatchery  
  156  8:58  Roach x2  
  156  8:59  Extractor  
  156  9:00  Ravager  
  160  9:03  Overlord  
  160  9:04  Overlord  
  161  9:20  Hatchery  
  162  9:24  Roach x8  
  162  9:26  Overseer  
  176  9:31  Overlord  
  176  9:42  Roach  
  165  9:55  Roach  
  165  9:56  Roach x9  
  160  10:00  Roach  
  160  10:05  Roach x6  
Show
View Real Time Build Order
Export as new Build Order

Reynor Zerg 

Build Orders: Pool First 

Get SALT Encoding   

  12  0:18  Spawning Pool  
  11  0:22  Drone  
  11  0:27  Drone  
  13  0:31  Drone  
  14  0:39  Overlord  
  14  1:05  Zergling x4  
  14  1:06  Zergling x2  
  17  1:16  Zergling x2  
  18  1:21  Hatchery  
  17  1:27  Zergling x2  
  18  1:34  Queen  
  18  1:38  Zergling x2  
  21  1:49  Overlord  
  21  2:03  Drone  
  21  2:10  Drone, Queen  
  24  2:21  Drone  
  23  2:31  Drone  
  23  2:33  Queen  
  23  2:35  Drone  
  24  2:42  Drone  
  24  2:43  Drone x2  
  27  2:45  Zergling x4  
  29  2:54  Overlord  
  29  2:56  Drone  
  30  3:05  Drone  
  31  3:08  Drone  
  31  3:09  Queen  
  34  3:15  Drone x3  
  34  3:18  Drone  
  38  3:22  Drone  
  38  3:25  Drone x2  
  41  3:27  Extractor  
  41  3:30  Extractor, Drone  
  40  3:37  Drone x2  
  40  3:39  Evolution Chamber  
  41  3:44  Overlord  
  41  3:45  Drone x2  
  43  3:48  Drone  
  43  3:53  Overlord  
  44  4:04  Overlord  
  44  4:08  Drone x5  
  49  4:10  Drone  
  49  4:17  Zerg Missile Weapons Level 1  
  49  4:21  Drone x2  
  50  4:29  Extractor  
  49  4:32  Drone  
  49  4:33  Hatchery  
  49  4:41  Roach Warren  
  49  4:42  Drone x3  
  51  4:46  Lair  
  51  4:52  Overlord  
  51  4:56  Drone x2  
  51  4:57  Drone x2  
  55  5:02  Zergling x2  
  55  5:04  Overlord  
  55  5:05  Overlord  
  56  5:21  Roach x6  
  68  5:23  Roach  
  68  5:25  Roach  
  72  5:32  Drone x2  
  72  5:33  Roach  
  76  5:36  Overlord  
  76  5:37  Roach  
  78  5:44  Drone x2, Glial Reconstitution  
  78  5:46  Roach  
  83  5:51  Roach  
  83  5:52  Roach x2  
  83  5:56  Roach x2  
  91  5:59  Extractor, Roach  
  91  6:00  Roach  
  94  6:05  Roach x2  
  94  6:08  Overlord  
  94  6:09  Drone  
  94  6:10  Drone  
  100  6:19  Roach x2  
  100  6:20  Roach  
  100  6:22  Overlord  
  106  6:26  Overlord  
  106  6:27  Roach  
  106  6:28  Roach x2  
  106  6:31  Roach  
  114  6:35  Overlord  
  114  6:41  Overlord  
  114  6:42  Roach x3  
  114  6:44  Ravager x2  
  114  6:45  Overlord  
  122  6:47  Roach  
  122  6:49  Ravager  
  122  6:50  Roach  
  127  6:55  Roach x2  
  127  7:00  Roach x2  
  135  7:02  Roach  
  135  7:07  Roach x2  
  141  7:09  Roach  
  141  7:10  Overlord  
  141  7:15  Roach x3  
  143  7:20  Roach x2  
  130  7:29  Roach x4  
  116  7:33  Drone x4  
  120  7:37  Roach x3  
  126  7:47  Roach x4  
  126  7:49  Drone x3  
  137  7:56  Roach x3  
  129  8:03  Roach x3  
  129  8:04  Roach  
  133  8:07  Roach  
  133  8:12  Roach x2  
  133  8:16  Roach  
  133  8:17  Roach x2  
  133  8:18  Roach  
  127  8:24  Roach  
  127  8:25  Roach x2  
  129  8:29  Roach x2  
  129  8:31  Extractor  
  129  8:32  Roach  
  134  8:34  Roach  
  134  8:37  Roach  
  134  8:38  Roach  
  134  8:41  Roach  
  140  8:43  Roach  
  140  8:45  Drone x2  
  140  8:47  Drone  
  143  8:51  Extractor, Roach x2  
  143  8:52  Roach  
  148  9:06  Overseer  
  148  9:08  Roach  
  148  9:09  Hatchery  
  149  9:10  Roach  
  149  9:13  Overlord  
  149  9:15  Drone x3  
  154  9:17  Ravager  
  154  9:19  Overlord  
  154  9:21  Ravager  
  156  9:27  Ravager  
  156  9:28  Roach x2  
  156  9:30  Overlord  
  159  9:33  Roach x3  
  165  9:42  Ravager  
  165  9:43  Roach x3  
  165  9:45  Overlord x3  
  170  9:52  Roach  
  170  9:53  Roach x5  
  170  9:56  Roach x3  
  140  10:03  Roach x3  
  120  10:08  Roach x2  
  120  10:11  Roach  
  99  10:20  Ravager x2  
Tags
 
Add a new tag
Caveats
  • Supply blocks, unpowered buildings, or Contaminate may cause inaccurate times.
  • Supply counts are checked every 10 seconds.